 Dungeon Crawl Stone Soup version 0.13-a0-2672-g649a1be (webtiles) character file.

2895 Kae the Conjurer (level 9, -4/45 HPs)
             Began as a Tengu Fire Elementalist on Aug 11, 2013.
             Was a Follower of Vehumet.
             Slain by a wolf (9 damage)
             ... led by Grum
             ... on Level 7 of the Dungeon.
             The game lasted 00:17:39 (9852 turns).

Kae the Conjurer (Tengu Fire Elementalist)          Turns: 9852, Time: 00:17:40

HP  -4/45        AC  5     Str 10      XL: 9   Next: 54%
MP  20/22        EV 14     Int 19      God: Vehumet [*.....]
Gold 374         SH  9     Dex 14      Spells:  5 memorised,  8 levels left

Res.Fire  : . . .   See Invis. : .   L - +1 whip (drain)
Res.Cold  : + + .   Warding    : .   j - +0 robe
Life Prot.: . . .   Conserve   : .   J - +0 buckler
Res.Poison: .       Res.Corr.  : .   (helmet restricted)
Res.Elec. : .       Clarity    : +   i - +1 elf cloak
Sust.Abil.: . .     Spirit.Shd : .   v - +0 pair of gloves
Res.Mut.  : .       Stasis     : .   (boots unavailable)
Res.Rott. : .       Flight     : +   r - amulet of clarity
Saprovore : . . .                    (no ring)
                                     y - +1 ring of strength

@: flying, quick, slightly resistant to hostile enchantments, stealthy
A: able to fly, beak, talons 3, blurry vision 1, cold resistance 2
a: Renounce Religion


You were on level 7 of the Dungeon.
You worshipped Vehumet.
Vehumet was pleased with you.
You were very hungry.

You visited 2 branches of the dungeon, and saw 9 of its levels.

You collected 354 gold pieces.

Inventory:

Hand weapons
 h - a +0,+1 short sword
 C - a +0,+1 orcish dagger
 F - a +4,+2 orcish whip
 L - a +1,+1 whip of draining (weapon)
Missiles
 m - 66 darts (quivered)
Armour
 i - a +1 elven cloak (worn)
 j - a +0 robe (worn)
 v - a +0 pair of gloves (worn)
 x - a +0 pair of boots
 J - a +0 buckler (worn)
Magical devices
 f - a wand of random effects (11) {unknown}
 n - a wand of teleportation (3) {unknown}
 w - a wand of invisibility (6) {unknown}
 D - a wand of slowing (14) {unknown}
 H - a wand of lightning (5) {unknown}
 K - a wand of magic darts (12) {unknown}
Comestibles
 c - 9 bread rations
 d - 4 chokos
 z - 3 meat rations
 B - 3 strawberries
Scrolls
 e - 3 scrolls of remove curse
 p - a scroll of magic mapping
 q - a scroll of enchant weapon II
 s - a scroll of curse armour
 u - 3 scrolls of identify
 A - 3 scrolls of curse jewellery {unknown}
 I - a scroll of curse weapon {unknown}
Jewellery
 r - an amulet of clarity (around neck)
 y - a +1 ring of strength (left hand)
 G - an uncursed ring of magical power {unknown}
Potions
 a - 4 potions of curing
 k - 2 potions of slowing
 l - 4 potions of poison {unknown}
 o - a potion of might
 t - a potion of cure mutation
 E - a potion of heal wounds
Books
 b - a book of Flames

   Spells                             Type                      Level
   *Flame Tongue                      Conjuration/Fire             1
   *Throw Flame                       Conjuration/Fire             2
   *Conjure Flame                     Conjuration/Fire             3
   Inner Flame                        Hexes/Fire                   3
   *Sticky Flame                      Conjuration/Fire             4
   Fireball                           Conjuration/Fire             5
Magical staves
 g - an uncursed staff of fire {unknown}


   Skills:
 - Level 2.1 Dodging
 - Level 2.0 Stealth
 + Level 1.9 Shields
 + Level 5.6 Spellcasting
 + Level 11.1 Conjurations
 * Level 7.8 Fire Magic


You had 8 spell levels left.
You knew the following spells:

 Your Spells              Type           Power        Failure   Level  Hunger
a - Flame Tongue          Conj/Fire      #####        1%          1    None
b - Throw Flame           Conj/Fire      #####.       1%          2    None
c - Conjure Flame         Conj/Fire      #####...     1%          3    ##.....
d - Sticky Flame          Conj/Fire      #####...     2%          4    ####...
e - Sting                 Conj/Pois      ####         1%          1    None


Dungeon Overview and Level Annotations

Branches:
Dungeon (8/27)             Temple (1/1) D:6
    Orc: D:6-11        Lair: D:8-13

Altars:
Ashenzari
Cheibriados
Elyvilon
Fedhas
Makhleb
Nemelex Xobeh
Okawaru
Sif Muna
Vehumet
Xom
Yredelemnul
Zin

Annotations
D:8 exclusions: Eustachio and yellow wasp, Erolcha, Grum, Pikel


Innate Abilities, Weirdness & Mutations

You can fly.
You have a beak for a mouth.
You have claws for feet.
Your vision is a little blurry.
Your flesh is very cold resistant.


Message History

Use which ability? (? or * to list)
You swoop lightly up into the air.
You feel somewhat more hungry. The wolf misses you. The wolf bites you.
* * * LOW HITPOINT WARNING * * *
The wolf misses you.
Things that are here:
a human skeleton; an animal skin The wolf closely misses you.
There is a stone staircase leading up here.
Drink which item? (? for menu, Esc to quit)
Okay, then.
Unknown command.
The wolf completely misses you. The wolf bites you!
* * * LOW HITPOINT WARNING * * *
You fly upwards.
There is a stone staircase leading down here.
Unknown command.
The wolf barely misses you. The wolf bites you!
You die...

.### ##'## #%# # .#
######## #.# #.# # .#
#......# #.# ###.# #
.# #.####.###.## #...#
# .###.####.##...##
#.### #
..........#.....# #.#
# ####..#...##.>.##
#.# #
#..#...###.#########.#
#
#...........h@.......#
#
##.##.################
# #.##.# # #.##.#
#....# ######


You could see a wolf.

Vanquished Creatures
  Eustachio (D:8)
  2 wolves (D:8)
  2 orc warriors (D:6)
  An ice beast (D:6)
  4 centaurs
  2 slaves (D:8)
  3 phantoms
  A yellow wasp (D:8)
  Duvessa (D:4)
  A water moccasin (D:7)
  A cyclops zombie (D:6)
  2 goliath beetles (D:7)
  Dowan (D:4)
  A centaur zombie (D:6)
  5 hounds
  7 worker ants
  2 iguanas (D:6)
  5 orc wizards
  Jessica (D:3)
  Terence (D:2)
  3 gnolls (D:3)
  13 adders
  A lemure (D:7)
  A giant mite (D:1)
  4 worms
  An iguana skeleton (D:6)
  A giant eyeball (D:4)
  6 giant geckos
  An ooze (D:1)
  20 orcs
  A ball python (D:4)
  5 giant cockroaches
  11 goblins
  15 hobgoblins
  12 jackals
  8 kobolds
  4 quokkas
  16 bats
  8 giant newts
  A jackal skeleton (D:4)
  2 jackal zombies
  2 kobold skeletons (D:6)
  A kobold zombie (D:5)
  An orc skeleton (D:8)
  9 rats
  A rat skeleton (D:7)
192 creatures vanquished.

Notes
Turn   | Place    | Note
--------------------------------------------------------------
     0 | D:1      | Kae, the Tengu Fire Elementalist, began the quest for the Orb.
     0 | D:1      | Reached XP level 1. HP: 10/10 MP: 3/3
   222 | D:1      | Reached XP level 2. HP: 15/15 MP: 1/5
   455 | D:1      | Reached XP level 3. HP: 17/19 MP: 0/7
  1085 | D:2      | Noticed Terence
  1193 | D:2      | Found a sparkling altar of Nemelex Xobeh.
  1355 | D:2      | Reached XP level 4. HP: 24/24 MP: 8/8
  1365 | D:2      | Learned a level 2 spell: Throw Flame
  1369 | D:2      | Learned a level 3 spell: Conjure Flame
  1682 | D:3      | Found a blossoming altar of Fedhas.
  1728 | D:3      | Noticed Jessica
  1730 | D:3      | Killed Jessica
  1730 | D:3      | Reached skill level 4 in Conjurations
  1986 | D:3      | Found a white marble altar of Elyvilon.
  2356 | D:2      | Killed Terence
  2356 | D:2      | Reached XP level 5. HP: 21/28 MP: 0/12
  2806 | D:3      | Reached skill level 5 in Conjurations
  2840 | D:3      | Noticed a phantom
  2934 | D:3      | Killed a phantom
  2934 | D:3      | Reached XP level 6. HP: 32/32 MP: 4/14
  3145 | D:4      | Reached skill level 6 in Conjurations
  3219 | D:4      | Paralysed by a giant eyeball for 4 turns
  3266 | D:4      | Learned a level 4 spell: Sticky Flame
  3286 | D:4      | Noticed Duvessa
  3286 | D:4      | Noticed Dowan
  3803 | D:4      | Killed Dowan
  3803 | D:4      | Reached XP level 7. HP: 36/36 MP: 13/16
  4016 | D:4      | Killed Duvessa
  4016 | D:4      | Reached skill level 7 in Conjurations
  4016 | D:4      | Reached skill level 5 in Fire Magic
  4218 | D:5      | Entered Level 5 of the Dungeon
  4421 | D:5      | Gained mutation: Your flesh is cold resistant. [potion of mutation]
  4421 | D:5      | Gained mutation: Your flesh is very cold resistant. [potion of mutation]
  4421 | D:5      | Gained mutation: Your vision is a little blurry. [potion of mutation]
  4483 | D:5      | Reached skill level 8 in Conjurations
  5250 | D:6      | Reached XP level 8. HP: 41/41 MP: 10/20
  5758 | D:6      | HP: 2/41 [orc warrior/orcish great mace (10)]
  6079 | D:6      | Reached skill level 9 in Conjurations
  6204 | D:6      | Found a staircase to the Ecumenical Temple.
  6214 | Temple   | Entered the Ecumenical Temple
  6319 | Temple   | Became a worshipper of Vehumet
  6968 | D:6      | Reached skill level 10 in Conjurations
  7444 | D:7      | Reached skill level 5 in Spellcasting
  7444 | D:7      | Reached XP level 9. HP: 12/45 MP: 15/22
  8384 | D:7      | Acquired Vehumet's first power
  8384 | D:7      | Offered knowledge of Sting by Vehumet.
  8390 | D:7      | Learned a level 1 spell: Sting
  8857 | D:8      | Noticed Eustachio
  8877 | D:8      | Paralysed by a yellow wasp for 1 turns
  9101 | D:8      | Killed Eustachio
  9101 | D:8      | Reached skill level 1 in Shields
  9101 | D:8      | Reached skill level 11 in Conjurations
  9290 | D:8      | Noticed Erolcha
  9466 | D:8      | Noticed Pikel
  9564 | D:8      | Noticed Grum
  9852 | D:7      | Slain by a wolf

Action                   |  1- 3 |  4- 6 |  7- 9 || total
-------------------------+-------+-------+-------++-------
Melee: Unarmed           |     4 |       |       ||     4
       Short sword       |    43 |    39 |    17 ||    99
       Whip              |       |       |     6 ||     6
Throw: Dart              |       |     4 |     2 ||     6
 Cast: Flame Tongue      |    55 |   105 |   258 ||   418
       Conjure Flame     |       |     4 |     8 ||    12
       Throw Flame       |       |    11 |    37 ||    48
       Sticky Flame      |       |       |    15 ||    15
 Abil: Fly               |       |       |     2 ||     2
  Use: Potion            |       |     1 |     6 ||     7
       Scroll            |       |       |    15 ||    15
 Stab: Distracted        |     1 |       |       ||     1
       Sleeping          |       |     2 |     1 ||     3
